 Dungeon Crawl Stone Soup version 0.22-a0-553-g9358b0b (webtiles) character file.

112 inc the Chiller (level 4, -2/27 HPs)
             Began as an Octopode Ice Elementalist on June 25, 2018.
             Slain by an orc warrior
             ... wielding a +0 war axe
              (28 damage)
             ... on level 3 of the Dungeon.
             The game lasted 00:03:01 (3165 turns).

inc the Chiller (Octopode Ice Elementalist)         Turns: 3165, Time: 00:03:03

Health: -2/27      AC:  1    Str:  7    XL:     4   Next: 95%
Magic:  7/7        EV: 13    Int: 18    God:
Gold:   222        SH:  0    Dex: 12    Spells: 6/7 levels left

rFire    . . .     SeeInvis .   g - +0 short sword
rCold    . . .     Gourm    .   (no shield)
rNeg     . . .     Faith    .   (helmet restricted)
rPois    .         Spirit   .   (no amulet)
rElec    .         Reflect  .   (no ring)
rCorr    .         Harm     .   (no ring)
MR       .....                  (no ring)
Stlth    +++.......             (no ring)
HPRegen  0.09/turn              (no ring)
MPRegen  0.10/turn              (no ring)
                                (no ring)
                                (no ring)

@: no status effects
A: almost no armour, stealthy swim, amphibious, 8 rings, constrict 8, camouflage
1, gelatinous body 1
a: no special abilities


You were on level 3 of the Dungeon.
You were not hungry.

You visited 1 branch of the dungeon, and saw 3 of its levels.

You collected 222 gold pieces.

Inventory:

Hand Weapons
 g - a +0 short sword (weapon)
Missiles
 j - 8 needles of confusion
Jewellery
 k - a cursed ring of loudness {unknown}
Scrolls
 c - 2 scrolls of identify {unknown}
 d - 6 scrolls of remove curse {unknown}
 f - a scroll of magic mapping {unknown}
 h - a scroll of amnesia {unknown}
 i - 2 scrolls of teleportation {unknown}
 m - a scroll of enchant weapon {unknown}
Potions
 a - a potion of curing {unknown}
 e - a potion of resistance {unknown}
 l - a potion of cancellation {unknown}
 n - a potion of mutation {unknown}
 o - 2 potions of agility {unknown}
Comestibles
 b - 4 rations
 p - a chunk of flesh


   Skills:
 - Level 2.0 Dodging
 - Level 2.6 Stealth
 - Level 2.0 Spellcasting
   Level 1.0 Conjurations
 + Level 5.4 Ice Magic


You had 6 spell levels left.
You knew the following spells:

 Your Spells              Type           Power        Failure   Level  Hunger
a - Freeze                Ice            ###.         1%          1    #......

Your spell library contained the following spells:

 Spells                   Type           Power        Failure   Level  Hunger
 Throw Frost              Conj/Ice       ##....       7%          2    ###....
 Summon Ice Beast         Ice/Summ       ##......     52%         4    #####..
 Ozocubu's Armour         Chrm/Ice       ##......     19%         3    ###....
 Throw Icicle             Conj/Ice       ##......     43%         4    #####..


Dungeon Overview and Level Annotations

Branches:
Dungeon (3/15)

Altars:
Ashenzari
Ru


Innate Abilities, Weirdness & Mutations

You cannot wear most types of armour.
You are very stealthy in the water. (Stealth+)
You are amphibious.
You can wear up to eight rings at the same time.
You can use your tentacles to constrict eight enemies at once.
Your skin changes colour to match your surroundings (Stealth+).
Your rubbery body absorbs attacks. (AC +1, EV +1)


Message History

You hit the orc but do no damage. You squeeze the orc.
The orc is severely wounded.
You constrict the orc, but do no damage.
The orc closely misses you.
You hit the orc.
The orc is almost dead.
You constrict the orc.
You kill the orc!
No target in view!
An orc and an orc warrior come into view.
The orc is wielding a mace of protection.
The orc shouts!
You hear a shout!
An orc comes into view.
Things that are here:
a whip; a leather armour
There are monsters nearby!
You see here a kobold corpse.
The orc warrior hits you with a war axe!!
Ouch! That really hurt!
You die...

##########.#
#..........#
#.##########
#.# #.# #.#
#.# ### #.#
##.##### #.#
#...@o.#
#.#####.###o#
#.......# .#
######### oo
..# ... ....
....


You could see an orc warrior and an orc.

Vanquished Creatures
  3 adders
  2 worms (D:3)
  A dart slug (D:2)
  A leopard gecko (D:2)
  3 orcs (D:3)
  8 bats
  3 giant cockroaches
  10 goblins
  12 hobgoblins
  3 jackals (D:2)
  11 kobolds
  A ball python (D:3)
  2 frilled lizards (D:2)
  10 rats
70 creatures vanquished.

Notes
Turn   | Place    | Note
-------+----------+-------------------------------------------
     0 | D:1      | inc the Octopode Ice Elementalist began the quest for the Orb.
     0 | D:1      | Reached XP level 1. HP: 11/11 MP: 3/3
   189 | D:1      | Noticed a troll
   426 | D:1      | Reached XP level 2. HP: 10/17 MP: 5/5
  1259 | D:2      | Reached skill level 4 in Ice Magic
  1455 | D:2      | Reached XP level 3. HP: 7/21 MP: 4/6
  2101 | D:2      | Found a shattered altar of Ashenzari.
  2273 | D:2      | Reached XP level 4. HP: 26/27 MP: 7/7
  2289 | D:2      | Found a sacrificial altar of Ru.
  2581 | D:2      | Reached skill level 5 in Ice Magic
  3161 | D:3      | Noticed an orc warrior
  3165 | D:3      | Slain by an orc warrior

Vault maps used:
D:1:      erik_arrival_cave_to_civilisation
D:2:      cheibrodos_greedy_goblins, hangedman_ru_absence,
          nicolae_ashenzari_panopticon

Skill      XL: |  1  2  3  4 |
---------------+-------------+-----
Ice Magic      | 4 5 |  5.4
Dodging        | |  2.0
Stealth        | |  2.6
Spellcasting   | |  2.0
Conjurations   | |  1.0

Action                   |  1- 3 |  4- 6 || total
-------------------------+-------+-------++-------
Melee: Unarmed           |    28 |       ||    28
       Constrict         |    25 |    18 ||    43
       Tentacles         |     8 |     9 ||    17
       Short sword       |    51 |    69 ||   120
 Cast: Freeze            |    11 |     6 ||    17
 Stab: Sleeping          |     7 |     8 ||    15
  Eat: Chunk             |     4 |     3 ||     7
Armor: Skin              |    10 |     8 ||    18
Dodge: Dodged            |    67 |    38 ||   105

Table legend:
 A = Spawn XP
 B = Non-spawn XP
 C = Spawn XP percentage of total XP
 D = Spawn monster count
 E = Non-spawn monster count
 F = Spawn count percentage of total count
 G = Total turns spent on level
                    A         B        C        D         E        F      G
               +---------+---------+-------+---------+---------+-------+---------
         Total |       0 |     161 |   0.0 |       0 |      70 |   0.0 |  3165
               +---------+---------+-------+---------+---------+-------+---------
           D:1 |       0 |      26 |   0.0 |       0 |      17 |   0.0 |  1224
           D:2 |       0 |      82 |   0.0 |       0 |      32 |   0.0 |  1536
           D:3 |       0 |      53 |   0.0 |       0 |      21 |   0.0 |   405
               +---------+---------+-------+---------+---------+-------+---------
